 Dungeon Crawl Stone Soup version 0.30-a0-354-g6b83867211 (webtiles) character file.

Game seed: 7313059811553279520

1663 Maxmaps the Basher (level 9, 0/126 HPs)
             Began as an Ogre Monk on Nov 8, 2022.
             Was a Believer of the Shining One.
             Slain by a gnoll
             ... wielding a +2 halberd of electrocution
              (15 damage)
             ... in a bailey.
             The game lasted 00:07:28 (6739 turns).

Maxmaps the Basher (Ogre Monk)                      Turns: 6739, Time: 00:07:29

Health: 0/126      AC: 24    Str: 17    XL:     9   Next: 1%
Magic:  9/9        EV:  1    Int: 21    God:    the Shining One [**....]
Gold:   407        SH:  5    Dex: 11    Spells: 7/8 levels left

rFire   . . .      SeeInvis .    h - +3 whip (venom)
rCold   + . .      Faith    .    (no shield)
rNeg    + . .      Spirit   .    (body armour currently unavailable)
rPois   +          Reflect  +    (helmet currently unavailable)
rElec   .          Harm     .    (cloak currently unavailable)
rCorr   .          Rampage  .    (gloves unavailable)
Will    .....      NoTele   +    (boots unavailable)
Stlth   +.........               m - amulet of reflection
HPRegen 0.41/turn                l - +6 ring of intelligence
MPRegen 0.11/turn                s - ring of protection from cold

@: tree-form, glowing, studying Polearms
A: stationary, stasis, torment immunity, boosted hp, large, unfitting armour,
(tough skin 1)
a: Renounce Religion, Divine Shield


You were in a bailey.
You worshipped the Shining One.
The Shining One was pleased with you.
You were a tree.
You visited 2 branches of the dungeon, and saw 8 of its levels.
You also visited: Bailey.

You collected 407 gold pieces.

Inventory:

Hand Weapons
 a - a +0 mace
 h - a +3 whip of venom (weapon)
Armour
 b - a +1 robe (melded)
Jewellery
 l - a +6 ring of intelligence (left branch)
 m - an amulet of reflection (around neck)
 s - a ring of protection from cold (right branch)
 B - a ring of flight
Wands
 y - a wand of roots (16)
Scrolls
 e - 2 scrolls of teleportation
 n - a scroll of noise
 o - a scroll of enchant armour
 r - a scroll of fear
Potions
 c - 4 potions of degeneration
 d - a potion of lignification
 f - a potion of heal wounds
 g - a potion of berserk rage {unknown}
 i - 2 potions of brilliance {unknown}
 j - a potion of experience {unknown}
 k - 2 potions of magic
 p - a potion of invisibility {unknown}
 v - a potion of mutation {unknown}
 x - 2 potions of might
 z - a potion of flight {unknown}


   Skills:
 - Level 4.0 Fighting
 + Level 10.6 Maces & Flails
 - Level 2.6 Dodging
 - Level 1.4 Stealth


You had 7 spell levels left.
You knew the following spells:

 Your Spells              Type           Power      Damage    Failure   Level
a - Sandblast             Erth           0%         2d4       19%         1

Your spell library contained the following spells:

 Spells                   Type           Power      Damage    Failure   Level
 Sting                    Tmut/Pois      0%         1d3       19%         1
 Passwall                 Tmut/Erth      0%         N/A       26%         2
 Poisonous Vapours        Pois/Air       0%         N/A       26%         2
 Stone Arrow              Conj/Erth      0%         3d7       47%         3
 Olgreb's Toxic Radiance  Pois           0%         N/A       87%         4


Dungeon Overview and Level Annotations

Branches:
Dungeon (7/15)             Temple (1/1) D:5          Bailey (1/1)

Altars:
Dithmenos
Elyvilon
Fedhas
Gozag
Hepliaklqana
Kikubaaqudgha
Makhleb
Nemelex Xobeh
Sif Muna
Trog
Uskayaw
Vehumet
Wu Jian
Xom
Yredelemnul
Zin
The Shining One

Shops:
D:1 !   D:3 (


Innate Abilities, Weirdness & Mutations

You are a tree.
Your roots penetrate the ground, keeping you stationary.
You cannot be teleported.
You are immune to unholy pain and torment.
Your maximum health is greatly increased.
Your equipment is partially melded.
You are too large for most types of armour.
((You have tough skin. (AC +1)))


Message History

a +0 halberd; a +0 ring mail; an orc corpse You feel better.
The orc hits you but does no damage. The gnoll closely misses you.
You hit the orc.
The orc is almost dead.
The orc hits you but does no damage.
The gnoll hits you from afar with a +2 halberd of electrocution.
* * * LOW HITPOINT WARNING * * *
The orc closely misses you.
Things that are here:
a +2 halberd of electrocution; a +1 halberd of electrocution; a gnoll corpse
There is an open door, spattered with blood here.
Things that are here:
a +0 spear; a +0 ring mail You feel better.
The orc hits you from afar with a +0 trident!
* * * LOW HITPOINT WARNING * * *
The orc hits you with a +0 trident.
* * * LOW HITPOINT WARNING * * *
The gnoll barely misses you.
You barely miss the orc.
The orc is almost dead.
Unknown command.
Really quaff the potion of lignification?
You turn into a tree.
Your +1 robe melds into your body.
Your roots penetrate the ground.
The orc hits you but does no damage.
The gnoll hits you from afar with a +2 halberd of electrocution.
The Shining One protects you from harm!
Unknown command.
It was a potion of heal wounds.
You feel much better. You block the orc's attack.
The gnoll hits you from afar with a +2 halberd of electrocution!
* * * LOW HITPOINT WARNING * * *
You barely miss the orc.
The orc is almost dead.
The orc hits you but does no damage.
The gnoll hits you from afar with a +2 halberd of electrocution.
* * * LOW HITPOINT WARNING * * *
You are electrocuted!
You die...

##### ###
##.og## ##∩#
#'###o##+##'##
#....o##
##♣....##
#....o
###.....#
+..⌠..
#.'..∩..+
#.....
###.....#
#.....
##.....#
#'##'##
##'##+##+ g#
#. #)## ####
#.#


You could see a gnoll and 2 orcs.

Vanquished Creatures
  Eustachio (D:6)
  A water moccasin (D:6)
  An ogre (D:6)
  2 phantoms
  2 bullfrogs
  2 scorpions
  3 jellies
  2 hounds
  3 orc priests
  2 gnoll boudas (D:7)
  3 iguanas
  5 orc wizards
  16 gnolls
  12 adders
  A shadow imp (D:6)
  A white imp (D:4)
  2 worms
  A dart slug (D:2)
  16 orcs
  8 bats
  6 endoplasms
  5 giant cockroaches
  6 goblins
  4 hobgoblins
  A jackal (D:2)
  8 kobolds
  2 quokkas
  4 ball pythons
  3 frilled lizards
  2 rats (D:2)
125 creatures vanquished.

Vanquished Creatures (collateral kills)
  A phantom (D:6)
1 creature vanquished.

Grand Total: 126 creatures vanquished

Notes
Turn   | Place    | Note
-------+----------+-------------------------------------------
     0 | D:1      | Maxmaps the Ogre Monk began the quest for the Orb.
     0 | D:1      | Reached XP level 1. HP: 24/24 MP: 1/1
    87 | D:1      | Reached skill level 3 in Maces & Flails
   124 | D:1      | Reached XP level 2. HP: 31/32 MP: 2/2
   474 | D:1      | Found Demeagg's Distillery.
   651 | D:2      | Reached XP level 3. HP: 33/39 MP: 3/3
   710 | D:2      | Reached skill level 4 in Maces & Flails
   865 | D:2      | Learned a level 1 spell: Sandblast
  1091 | D:2      | Reached XP level 4. HP: 48/48 MP: 4/4
  1260 | D:3      | Found a shimmering altar of Xom.
  1533 | D:3      | Found Jesaext's Weapon Emporium.
  1688 | D:3      | Reached skill level 5 in Maces & Flails
  1688 | D:3      | Reached XP level 5. HP: 44/54 MP: 5/5
  2262 | D:5      | Entered Level 5 of the Dungeon
  2262 | D:5      | Noticed a phantom
  2273 | D:5      | Noticed a black bear
  2299 | D:5      | Killed a phantom
  2300 | D:5      | Reached skill level 6 in Maces & Flails
  2300 | D:5      | Reached XP level 6. HP: 23/62 MP: 6/6
  3200 | D:4      | Reached skill level 7 in Maces & Flails
  3200 | D:4      | Reached XP level 7. HP: 14/70 MP: 7/7
  3811 | D:5      | Found a blossoming altar of Fedhas.
  4106 | D:5      | Found an opulent altar of Gozag.
  4246 | D:5      | Found a staircase to the Ecumenical Temple.
  4275 | Temple   | Entered the Ecumenical Temple
  4294 | Temple   | Became a worshipper of the Shining One
  4294 | Temple   | Reached * piety under the Shining One
  4294 | Temple   | Reached ** piety under the Shining One
  4532 | D:6      | Reached skill level 8 in Maces & Flails
  4684 | D:6      | Reached XP level 8. HP: 61/78 MP: 8/8
  4982 | D:6      | Noticed Eustachio
  4994 | D:6      | Reached skill level 9 in Maces & Flails
  5018 | D:6      | Killed Eustachio
  5963 | D:7      | Reached skill level 10 in Maces & Flails
  6069 | D:7      | HP: 1/78 [gnoll/+0 flail[a gnoll bouda] (11)]
  6463 | D:7      | Found a flagged portal.
  6469 | Bailey   | Entered a bailey
  6712 | Bailey   | Reached XP level 9. HP: 74/84 MP: 9/9
  6735 | Bailey   | HP: 3/84 [orc/+0 trident (5)]
  6737 | Bailey   | The Shining One protects you from harm!
  6739 | Bailey   | Slain by a gnoll

Illustrated notes

Levels and vault maps discovered:
D:1:      minmay_arrival_cross, layout_basic, serial_shops,
          nicolae_shop_hallway_plus, minmay_misc_feat_encased,
          hangedman_feature_mirror, minmay_misc_feat_cross, chequers_garden,
          chequers_mini_garden
D:2:      minmay_diamond_boxcup, layout_rooms
D:3:      layout_basic, lemuel_crystal_altar, serial_shops,
          nicolae_shop_hallway_stairs
D:4:      layout_loops_corners, serial_rivers, chequers_serial_rivers_small_a,
          chequers_serial_rivers_small_a, chequers_serial_rivers_large_b,
          chequers_serial_rivers_micro_d, hangedman_feature_mirror,
          mrwooster_statue_mirror, minmay_manual_monstrance
D:5:      layout_gridville, grunt_gozag_statues, fedhas_ov_isle_minmay,
          minmay_temple_entry_large_hall, grunt_ministairs_5
D:6:      layout_basic, uniq_eustachio
D:7:      lemuel_insect_pit, layout_cave_pods, old_standard_altar,
          mainiacjoe_overflow_alcove_1, enter_bailey_2, corexii_checkpoint_a,
          uniq_menkaure
Temple:   eino_temple_water
Bailey:   bailey_polearm_nasty_gnolls, bailey

Skill      XL: |  1  2  3  4  5  6  7  8 |
---------------+-------------------------+-----
Maces & Flails | 3 4 5 6 7 8 10 | 10.6
Fighting       | |  4.0
Dodging        | |  2.6
Stealth        | |  1.4

Action                   |  1- 3 |  4- 6 |  7- 9 || total
-------------------------+-------+-------+-------++-------
Melee: Mace              |    29 |       |       ||    29
       Punch             |     1 |     1 |       ||     2
       Whip              |    57 |   186 |   256 ||   499
  Use: Potion            |       |     1 |     7 ||     8
       Scroll            |       |       |    13 ||    13
 Stab: Sleeping          |     6 |     2 |       ||     8
       Held in net/web   |       |       |     1 ||     1
Armor: Robe              |    33 |    28 |    26 ||    87
       Skin              |       |       |     2 ||     2
Dodge: Dodged            |    58 |    54 |    75 ||   187
Block: Other             |     3 |    28 |    62 ||    93
       Reflection        |       |     1 |     1 ||     2

Table legend: (Time is in decaauts)
 A = Elapsed time spent in this place.
 B = Non-inter-level travel time spent in this place.
 C = Inter-level travel time spent in this place.
 D = Time resting spent in this place.
 E = Time spent auto-exploring this place.
 F = Levels seen in this place.
 G = Mean time per level.
                   A        B        C        D        E       F      G
               +--------+--------+--------+--------+--------+-----+--------+
         Total |   6654 |   6419 |    235 |   1024 |   4388 |   9 |  739.3 |
       Dungeon |   6198 |   5975 |    223 |    855 |   4175 |   7 |  885.4 |
        Temple |    194 |    182 |     12 |      0 |    161 |   1 |  194.0 |
        Bailey |    261 |    261 |      0 |    169 |     52 |   1 |  261.0 |
               +--------+--------+--------+--------+--------+-----+--------+

Top non-repeatable levels by time:
     D:6: 1416 daAuts
     D:4: 1371 daAuts
     D:5: 938 daAuts
     D:3: 778 daAuts
     D:1: 642 daAuts
     D:2: 565 daAuts
     D:7: 486 daAuts
  Bailey: 261 daAuts
  Temple: 194 daAuts
